 Dungeon Crawl Stone Soup version 0.31-a0-986-g5e6e4ef867 (webtiles) character file.

Game seed: 14288619823740100219

54019 Lobster4 the Summoner (level 14, 0/80 HPs)
             Began as a Tengu Summoner on Nov 15, 2023.
             Was a High Priest of Sif Muna.
             Slain by a dire elephant (22 damage)
             ... on level 5 of the Lair of Beasts.
             The game lasted 01:36:27 (19852 turns).

Lobster4 the Summoner (Tengu Summoner)             Turns: 19852, Time: 01:36:27

Health: 0/80       AC:  9    Str: 14    XL:     14   Next: 71%
Magic:  4/29       EV: 19    Int: 22    God:    Sif Muna [*****.]
Gold:   2022       SH:  6    Dex: 17    Spells: 9/33 levels left

rFire   + . .        h - +3 rapier "Demonslayer" {flame, rC+ Int+3 SInv}
rCold   + + +        X - +0 buckler {rC+}
rNeg    . . .        v - +1 robe {rC+ rF+}
rPois   .            i - +2 hat
rElec   .            P - +1 cloak
rCorr   .            V - +0 pair of gloves
SInv    +            (boots unavailable)
Will    +....        j - amulet of magic regeneration
Stlth   ++           y - +6 ring of strength
HPRegen 0.33/turn    (no ring)
MPRegen 0.61/turn

%: acrobat
@: flying, mesmerised
A: beak, talons 3, evasive flight, acrobatic
a: Renounce Religion, Channel Magic, Forget Spell, Divine Exegesis


You were on level 5 of the Lair of Beasts.
You worshipped Sif Muna.
Sif Muna was extremely pleased with you.
You visited 3 branches of the dungeon, and saw 16 of its levels.
You also visited: Bailey and Ice Cave.

You collected 3704 gold pieces.
You spent 1682 gold pieces at shops.

Inventory:

Hand Weapons
 a - the +10 dagger "Oggupus" {flame, Dex+4}
   (You found it on level 4 of the Dungeon)

   Dex+4:     It affects your dexterity (+4).
 h - the +3 rapier "Demonslayer" (weapon) {flame, rC+ Int+3 SInv}
   (You acquired it on level 6 of the Dungeon)

   Int+3:     It affects your intelligence (+3).
   rC+:       It protects you from cold.
   SInv:      It lets you see invisible.
 r - a +3 short sword
 w - a +0 sling
 J - a +5 dagger
 Y - the +6 war axe of the Spinneret {heavy, rPois rN+++ Will- Stlth+}
   (You found it in an ice cave)

   rPois:     It protects you from poison rN+++: It renders you almost immune to
   negative energy.
   Will-:     It decreases your willpower.
   Stlth+:    It makes you more stealthy.
Missiles
 f - 45 boomerangs (quivered)
 k - a throwing net
 s - 44 poisoned darts
 E - 2 atropa-tipped darts
Armour
 i - a +2 hat (worn)
 v - a +1 robe of resistance (worn)
 x - a +0 buckler
 F - a +0 leather armour of positive energy
 K - a +2 robe of willpower
 L - +0 steam dragon scales
 P - a +1 cloak (worn)
 V - a +0 pair of gloves (worn)
 X - a +0 buckler of cold resistance (worn)
Jewellery
 j - an amulet of magic regeneration (around neck)
 y - a +6 ring of strength (left hand)
 C - an amulet of reflection
 Q - a +6 ring of intelligence
 R - a ring of poison resistance
 S - a +4 ring of protection
 T - a ring of magical power
 U - a +4 ring of protection
Talismans
 I - a serpent talisman
 W - a serpent talisman
Wands
 z - a wand of roots (4)
 M - a wand of mindburst (3)
 N - a wand of flame (15)
 O - a wand of digging (5)
Scrolls
 c - 4 scrolls of identify
 d - 3 scrolls of fog
 l - 2 scrolls of blinking
 m - 5 scrolls of teleportation
 p - a scroll of enchant armour
 q - 2 scrolls of revelation
 A - 3 scrolls of fear
 D - a scroll of silence
 G - 2 scrolls of poison
 H - 5 scrolls of immolation
Potions
 b - a potion of magic
 e - 7 potions of enlightenment
 g - 4 potions of haste
 n - 2 potions of heal wounds
 o - a potion of ambrosia
 t - 2 potions of mutation
 u - 2 potions of might
 B - 2 potions of lignification


   Skills:
 - Level 6.0 Fighting
 - Level 6.0 Short Blades
 - Level 1.0 Ranged Weapons
 - Level 7.0 Armour
 - Level 7.0 Dodging
 - Level 2.0 Stealth
 - Level 7.0 Shields
 + Level 10.3 Spellcasting
 + Level 9.5 Conjurations
 - Level 3.0 Hexes
 + Level 13.7 Summonings
 + Level 12.5 Air Magic
 - Level 3.0 Earth Magic
 - Level 5.0 Poison Magic
 - Level 3.0 Invocations
 - Level 3.0 Evocations


You had 9 spell levels left.
You knew the following spells:

 Your Spells              Type           Power      Damage    Failure   Level
a - Stone Arrow           Conj/Erth      76%        3d11      1%          3
b - Call Imp              Summ           100%       N/A       1%          2
c - Call Canine Familiar  Summ           64%        N/A       1%          3
d - Summon Cactus Giant   Summ           32%        N/A       4%          6
e - Summon Guardian Gole  Hex/Summ       48%        N/A       1%          3
f - Poisonous Vapours     Pois/Air       100%       N/A       1%          2
g - Summon Small Mammal   Summ           100%       N/A       1%          1
h - Summon Lightning Spi  Summ/Air       62%        N/A       1%          4

Your spell library contained the following spells:

 Spells                   Type           Power      Damage    Failure   Level
 Magic Dart               Conj           100%       1d8       1%          1
 Static Discharge         Conj/Air       100%       3-8/arc   1%          2
 Mephitic Cloud           Conj/Pois/Air  50%        N/A       1%          3
 Sting                    Tmut/Pois      88%        1d7       2%          1
 Animate Armour           Summ/Erth      96%        N/A       2%          4
 Iskenderun's Battlesphe  Conj           52%        2d10      4%          5
 Summon Mana Viper        Hex/Summ       48%        N/A       7%          5
 Apportation              Tloc           22%        N/A       8%          1
 Necrotise                Necr           44%        1d6       8%          1
 Olgreb's Toxic Radiance  Pois           33%        N/A       10%         4
 Summon Forest            Summ/Tloc      20%        N/A       12%         5
 Vampiric Draining        Necr           11%        2d6       22%         3
 Fireball                 Conj/Fire      16%        3d8       28%         5
 Spellforged Servitor     Conj/Summ      29%        N/A       47%         7
 Orb of Destruction       Conj           26%        9d9       77%         7
 Agony                    Necr           11%        N/A       91%         5
 Maxwell's Capacitive Co  Air            30%        ∞         96%         8
 Simulacrum               Ice/Necr       5%         N/A       100%        6
 Ozocubu's Refrigeration  Ice            5%         4d8       100%        7
 Lehudib's Crystal Spear  Conj/Erth      19%        10d6      100%        8
 Polar Vortex             Ice            5%         N/A       100%        9


Dungeon Overview and Level Annotations

Branches:
Dungeon (10/15)            Temple (1/1) D:7            Lair (5/5) D:8
 Shoals (0/4) Lair:3        Snake (0/4) Lair:2          Orc (0/2) D:9
 Bailey (visited)           IceCv (visited)
  Slime: Lair:4-5

Altars:
Ashenzari
Cheibriados
Dithmenos
Elyvilon
Fedhas
Gozag
Hepliaklqana
Kikubaaqudgha
Makhleb
Nemelex Xobeh
Okawaru
Qazlal
Ru
Sif Muna
Trog
Uskayaw
Vehumet
Wu Jian
Xom
Yredelemnul
Zin
The Shining One

Shops:
D:6 :*   D:8 *

Portals:
Abyss: Lair:4

Annotations:
D:4 3 runed translucent doors, DoNotCum's ghost, novice DEFE
D:10 1 runed translucent door, DocClef's ghost, novice TrSh
Lair:4 2 transporters, zenocrate's ghost, journeyman DrIE


Innate Abilities, Weirdness & Mutations

You have a beak for a mouth.
You have claws for feet.
Your magical flight helps you evade attacks. (EV +4)
You can magically evade attacks while moving or waiting.


Message History

Aim: a blink frog (54% to hit)
The stone arrow hits the blink frog!!
The blink frog is severely wounded.
The blink frog barely misses you. You block the dire elephant's attack.
The dire elephant barely misses you.
A cane toad comes into view.
The merfolk avatar chants its luring song.
Your cerulean imp hits the dire elephant from afar with a +1 spear.
Casting: Stone Arrow (safe; 1% risk of failure)
Confirm with . or Enter, or press ? or * to list all spells.
Aiming: Stone Arrow (safe; 1% risk of failure)
Press: ? - help, Shift-Dir - straight line, f/p - blink frog
Aim: a blink frog (severely wounded, 54% to hit)
The stone arrow hits the blink frog!!
You kill the blink frog!
Sif Muna accepts your kill. The dire elephant tramples you.
* * * LOW HITPOINT WARNING * * *
You hold your ground!
The dire elephant trunk-slaps you but does no damage.
The cane toad stings your guardian golem!
The merfolk avatar chants its luring song.
Your cerulean imp hits the dire elephant but does no damage.
You cannot move away from the merfolk avatar!
Unknown command.
Casting: Stone Arrow (safe; 1% risk of failure)
Confirm with . or Enter, or press ? or * to list all spells.
Aiming: Stone Arrow (safe; 1% risk of failure)
Press: ? - help, Shift-Dir - straight line, f - dire elephant
Aim: a dire elephant (moderately wounded, ally target, 100% to hit)
The stone arrow hits the dire elephant!
The dire elephant is moderately wounded.
The blink frog is struck by your cactus giant's spines.
The blink frog dies!
Sif Muna accepts your kill.
Your cactus giant barely misses the dire elephant.
Your warg bites the dire elephant but does no damage.
The cane toad stings your guardian golem but does no damage.
The dire elephant tramples you!!
You die...

≈≈~~...#P...~~~ ~ ≈≈≈~........~~
~ ~~~.........##~#~~
~...........~#~#~~
...........~~~.~~
............~~~~~ ~
............##~# ~~
...........~##~########~.~
............~~~5@C~~~~~#..
.............~~~hY†~9F~~#~~~ ~~~
............##~~##~.#m~~~~~~ .~#
............##~~~.~~#~~~##~~##~~#
............~.~..~~.F~..~~~~.~.~.
...............†...............
..............................
...............$.............
.........................[


You could see a dire elephant (ally target), a merfolk avatar (mesmerising, very
poisoned), a cane toad (ally target), a blink frog, a friendly cactus giant
(summoned, sheltered), a friendly guardian golem (summoned), a friendly warg
(summoned, sheltered) and a friendly cerulean imp (summoned, sheltered).

Vanquished Creatures
  Snorg (D:10)
  A catoblepas (Lair:1)
  A boulder beetle (Lair:5)
  An elephant (Lair:4)
  A black mamba (Lair:4)
  An ice statue (IceCv)
  A gargoyle (D:5)
  A torpor snail (Lair:3)
  2 rime drakes
  3 cane toads
  6 komodo dragons
  A troll (D:8)
  A wind drake (Lair:5)
  9 blink frogs
  A basilisk (Lair:5)
  2 wraiths (D:10)
  2 wyverns (Lair:2)
  2 yaks
  2 steam dragons
  Menkaure (D:6)
  2 nagas (Lair:2)
  An acid dragon (D:9)
  8 water moccasins
  3 orc warriors
  An ice beast (D:6)
  2 sky beasts (D:8)
  8 wolves
  A kobold brigand (D:9)
  A nameless horror (Lair:4)
  Blork the orc (D:6)
  5 bullfrogs
  3 wights (D:9)
  4 killer bees
  3 howler monkeys (D:9)
  A hound (D:7)
  A jelly (D:5)
  4 orc priests
  An iguana (D:5)
  4 orc wizards
  3 adders
  3 gnolls
  A steam dragon simulacrum (IceCv)
  A worm (D:2)
  2 dart slugs
  20 orcs
  2 bats
  9 endoplasms
  3 giant cockroaches
  4 goblins
  6 hobgoblins
  2 jackals (D:2)
  12 kobolds
  3 quokkas
  2 ball pythons
  2 frilled lizards
  4 rats
173 creatures vanquished.

Vanquished Creatures (collateral kills)
  Josephine (D:10)
  An ice dragon (IceCv)
  Erica (D:9)
  3 two-headed ogres (D:10)
  10 death yaks
  A skyshark (Lair:5)
  A lindwurm (Lair:4)
  5 harpies
  3 manticores (Lair:5)
  3 elephants
  4 black mambas
  An orange demon (D:8)
  6 cane toads
  A torpor snail (Lair:4)
  5 rime drakes
  6 komodo dragons
  3 polar bears
  11 blink frogs
  A wyvern (Lair:5)
  3 wraiths (D:10)
  17 yaks
  3 steam dragons
  A naga (Lair:2)
  3 water moccasins
  3 orc warriors
  A black bear (D:6)
  An ogre (D:6)
  22 wolves
  A kobold brigand (D:10)
  2 gnoll sergeants
  4 bullfrogs
  2 scorpions
  7 wights
  A killer bee (D:9)
  2 lindwurm simulacra (IceCv)
  A howler monkey (D:9)
  5 komodo dragon simulacra (IceCv)
  A jelly (D:6)
  8 orc priests
  A gnoll bouda (D:5)
  5 hounds
  2 iguanas
  9 orc wizards
  3 hell rats (Lair:1)
  3 acid dragon simulacra (IceCv)
  12 gnolls
  3 adders
  5 steam dragon simulacra (IceCv)
  4 worms
  43 orcs
  3 ball pythons
  4 endoplasms
  8 giant cockroaches (D:2)
  4 hobgoblins
  9 jackals
  2 bats (D:3)
  2 frilled lizards
  12 goblins
  14 kobolds
  3 rats
306 creatures vanquished.

Vanquished Creatures (others)
  Gastronok (D:8)
  A hydra (Lair:1)
  A death yak (Lair:1)
  Amaemon (D:8)
  An ice statue (IceCv)
  A black mamba (Lair:4)
  3 rime drakes
  2 komodo dragons
  A polar bear (Lair:5)
  4 blink frogs
  A wraith (D:10)
  A wyvern (Lair:4)
  10 yaks
  A warg (Lair:1)
  6 orc warriors
  A centaur (D:8)
  3 bullfrogs
  5 wights
  4 komodo dragon simulacra (IceCv)
  An orc priest (D:8)
  2 hell rats (Lair:1)
  A gnoll (D:9)
  An acid dragon simulacrum (IceCv)
  An orc (Bailey)
  A kobold (Bailey)
55 creatures vanquished.

Grand Total: 534 creatures vanquished

Notes
Turn   | Place    | Note
-------+----------+-------------------------------------------
     0 | D:1      | Lobster4 the Tengu Summoner began the quest for the Orb.
     0 | D:1      | Reached XP level 1. HP: 10/10 MP: 4/4
   166 | D:1      | Reached XP level 2. HP: 16/16 MP: 6/6
   215 | D:1      | Reached skill level 5 in Summonings
   353 | D:1      | Reached skill level 1 in Armour
   359 | D:1      | Reached XP level 3. HP: 20/20 MP: 7/7
   384 | D:1      | Reached skill level 1 in Fighting
   725 | D:2      | Reached XP level 4. HP: 25/25 MP: 8/8
   953 | D:2      | Reached skill level 1 in Air Magic
  1168 | D:2      | Learned a level 2 spell: Call Imp
  1742 | D:3      | Reached XP level 5. HP: 29/29 MP: 10/10
  2867 | D:4      | Found a runed translucent gate.
  2867 | D:4      | Found a runed translucent gate.
  2867 | D:4      | Found a runed translucent gate.
  3042 | D:4      | Identified 2 scrolls of acquirement
  3042 | D:4      | Acquired a +2 hat
  3084 | D:4      | Learned a level 3 spell: Call Canine Familiar
  3245 | D:4      | Reached XP level 6. HP: 35/35 MP: 11/11
  3283 | D:4      | Reached skill level 1 in Shields
  3305 | D:4      | Identified the +10 dagger "Oggupus" {flame, Dex+4}
  3532 | D:4      | Noticed DoNotCum's ghost (novice DEFE)
  3533 | D:4      | Noticed an ice beast
  4017 | D:5      | Entered Level 5 of the Dungeon
  4132 | D:5      | Noticed a gargoyle
  4176 | D:5      | Reached skill level 1 in Short Blades
  4176 | D:5      | Gained mutation: Your magical flight helps you evade
                  | attacks. (EV +4) [Tengu growth]
  4176 | D:5      | Reached XP level 7. HP: 19/40 MP: 8/13
  4223 | D:5      | Reached skill level 6 in Summonings
  4354 | D:5      | Killed a gargoyle
  4355 | D:5      | Reached XP level 8. HP: 5/46 MP: 10/15
  4559 | D:5      | Found an iron altar of Okawaru.
  4882 | D:5      | Reached skill level 7 in Summonings
  5085 | D:5      | Learned a level 3 spell: Summon Guardian Golem
  5095 | D:6      | Noticed Blork the orc
  5097 | D:6      | Killed Blork the orc
  5139 | D:6      | Found Goffut's General Store.
  5183 | D:6      | Bought a scroll of blinking for 90 gold pieces
  5225 | D:6      | Noticed Menkaure
  5420 | D:6      | Found Ujykeamm's Book Boutique.
  5445 | D:6      | Found Avatsu's Magic Scroll Emporium.
  5450 | D:6      | Bought a scroll of teleportation for 39 gold pieces
  5450 | D:6      | Acquired 1143 gold pieces
  5452 | D:6      | Bought a scroll of acquirement for 676 gold pieces
  5452 | D:6      | Acquired 971 gold pieces
  5454 | D:6      | Bought a scroll of acquirement for 676 gold pieces
  5454 | D:6      | Identified the "Buttaubb" (You acquired it on level 6 of
                  | the Dungeon)
  5454 | D:6      | Acquired the +3 rapier "Demonslayer" {flame, rC+ Int+3
                  | SInv}
  5532 | D:6      | Reached skill level 1 in Hexes
  5622 | D:6      | Killed Menkaure
  5844 | D:6      | Reached XP level 9. HP: 28/52 MP: 11/17
  5995 | D:7      | Reached skill level 5 in Spellcasting
  6754 | D:7      | Found a staircase to the Ecumenical Temple.
  6760 | Temple   | Entered the Ecumenical Temple
  6798 | Temple   | Became a worshipper of Sif Muna the Loreminder
  7251 | D:8      | Reached skill level 8 in Summonings
  7254 | D:8      | Learned a level 2 spell: Poisonous Vapours
  7356 | D:8      | Found a flagged portal.
  7372 | D:8      | Reached skill level 5 in Short Blades
  7372 | D:8      | Reached skill level 1 in Invocations
  7382 | Bailey   | Entered a bailey
  7464 | Bailey   | Reached skill level 5 in Shields
  7536 | Bailey   | Reached * piety under Sif Muna
  7648 | Bailey   | Reached skill level 1 in Ranged Weapons
  7685 | Bailey   | Reached skill level 5 in Fighting
  7685 | Bailey   | Reached XP level 10. HP: 59/59 MP: 14/19
  8086 | D:8      | Noticed Amaemon
  8086 | D:8      | Noticed an orange demon
  8190 | D:6      | Bought a scroll of blinking for 97 gold pieces
  8190 | D:6      | Bought a scroll of poison for 52 gold pieces
  8190 | D:6      | Bought a scroll of fear for 52 gold pieces
  8265 | D:8      | Found a staircase to the Lair.
  8266 | D:8      | Noticed Gastronok
  8593 | D:8      | Found Evuen's CLEARANCE SALE!.
  8814 | D:8      | Killed Gastronok
  8815 | D:8      | Reached skill level 5 in Air Magic
  8815 | D:8      | Reached skill level 1 in Poison Magic
  8911 | D:8      | Killed Amaemon
  8918 | D:8      | Killed an orange demon
  8919 | D:8      | Reached skill level 9 in Summonings
  9294 | D:9      | Found a staircase to the Orcish Mines.
  9309 | D:9      | Reached ** piety under Sif Muna
  9427 | D:9      | Reached XP level 11. HP: 63/63 MP: 21/21
  9524 | D:9      | Noticed Erica
  9540 | D:9      | Killed Erica
  9697 | D:9      | Learned a level 4 spell: Summon Lightning Spire
  9795 | D:9      | Reached *** piety under Sif Muna
 10299 | D:10     | Entered Level 10 of the Dungeon
 10328 | D:10     | Found a runed translucent door.
 10406 | D:10     | Noticed Josephine
 10417 | D:10     | Killed Josephine
 10418 | D:10     | Reached skill level 1 in Conjurations
 10418 | D:10     | Reached skill level 1 in Evocations
 10511 | D:10     | Found an opulent altar of Gozag.
 10530 | D:10     | Reached skill level 5 in Armour
 10655 | D:10     | Noticed DocClef's ghost (novice TrSh)
 10663 | D:10     | Noticed a two-headed ogre
 10669 | D:10     | Killed a two-headed ogre
 10670 | D:10     | Reached skill level 5 in Dodging
 11011 | D:10     | Noticed a two-headed ogre
 11038 | D:10     | Killed a two-headed ogre
 11112 | D:10     | Noticed Snorg
 11130 | D:10     | Killed Snorg
 11131 | D:10     | Reached skill level 10 in Summonings
 11200 | D:10     | Noticed a two-headed ogre
 11206 | D:10     | Killed a two-headed ogre
 11207 | D:10     | Reached XP level 12. HP: 69/69 MP: 11/23
 11259 | D:10     | Found a bloodstained altar of Trog.
 11577 | Lair:1   | Entered Level 1 of the Lair of Beasts
 11597 | Lair:1   | Noticed a catoblepas
 11627 | Lair:1   | Killed a catoblepas
 11702 | Lair:1   | Learned a level 3 spell: Stone Arrow
 12066 | Lair:1   | Reached **** piety under Sif Muna
 12067 | Lair:1   | Reached skill level 1 in Earth Magic
 12444 | Lair:1   | Reached skill level 5 in Conjurations
 12569 | Lair:1   | Reached skill level 5 in Poison Magic
 12701 | Lair:1   | Noticed a six-headed hydra
 12702 | Lair:1   | Noticed a death yak
 12704 | Lair:1   | Noticed a death yak
 12729 | Lair:1   | Noticed a death yak
 12735 | Lair:1   | Noticed a death yak
 12752 | Lair:1   | Killed a death yak
 12769 | Lair:1   | Killed a death yak
 12791 | Lair:1   | Killed a death yak
 12795 | Lair:1   | Killed a death yak
 12796 | Lair:1   | Reached skill level 11 in Summonings
 12843 | Lair:1   | Killed a six-headed hydra
 13099 | Lair:2   | Found a frozen archway.
 13126 | IceCv    | Entered an ice cave
 13441 | IceCv    | Reached XP level 13. HP: 28/74 MP: 3/26
 13916 | IceCv    | Reached ***** piety under Sif Muna
 14139 | IceCv    | Noticed an ice dragon
 14179 | IceCv    | Killed an ice dragon
 14368 | IceCv    | Identified the +6 war axe of the Spinneret {heavy, rPois
                  | rN+++ Will- Stlth+}
 14554 | Lair:2   | Found a staircase to the Snake Pit.
 14885 | Lair:2   | Reached skill level 10 in Air Magic
 15183 | Lair:2   | Reached skill level 12 in Summonings
 15936 | Lair:3   | Found a staircase to the Shoals.
 16319 | Lair:3   | Identified the of Dolan (Sif Muna gifted it to you on
                  | level 3 of the Lair of Beasts)
 16319 | Lair:3   | Received a gift from Sif Muna
 17080 | Lair:4   | Reached XP level 14. HP: 80/80 MP: 23/28
 17668 | Lair:4   | Found a transporter.
 17676 | Lair:4   | Learned a level 6 spell: Summon Cactus Giant
 17679 | Lair:4   | Found the +2 hood of the Assassin {Detect Stab+ Stlth++}
 17700 | Lair:4   | Found a transporter.
 17718 | Lair:4   | Found a one-way gate to the infinite horrors of the Abyss.
 18108 | Lair:4   | Noticed zenocrate's ghost (journeyman DrIE)
 18178 | Lair:5   | Entered Level 5 of the Lair of Beasts
 18195 | Lair:4   | Reached skill level 13 in Summonings
 18779 | Lair:5   | Reached skill level 10 in Spellcasting
 18969 | Lair:5   | Noticed a dire elephant
 19841 | Lair:5   | HP: 1/80 [komodo dragon (27)]
 19852 | Lair:5   | Slain by a dire elephant

Illustrated notes

Levels and vault maps discovered:
D:1:      sevenhm_arrival_forest_fort_small_4, layout_basic, serial_glass,
          glass_columns_a, glass_columns_a
D:2:      minmay_roachtagon, layout_rooms, hangedman_abyss_or_decor_lesser_grid,
          kennysheep_generic_room_6
D:3:      mumra_celtic_spiral_tile, layout_basic, st_stairs_11,
          nicolae_kite_square_tiling_tiny
D:4:      layout_loops_corners, gammafunk_ghost_icy, chequers_jeans
D:5:      layout_basic, okawaru_ov_weapons_minmay, cheibrodos_sewer_entry_bend,
          st_stairs_10
D:6:      layout_loops_cross, serial_shops, shop_fountains,
          nicolae_shop_tiny_waterfront, shop, uniq_menkaure, uniq_blork_the_orc
D:7:      layout_loops_corners, temple_green
D:8:      layout_loops_ring, lair_entry_dummy, enter_bailey_4,
          nicolae_shop_clearance, uniq_gastronok, uniq_amaemon
D:9:      kennysheep_steamy, layout_cave_pools, hiddenorc2_lemuel,
          nicolae_wwwww, uniq_erica
D:10:     layout_gridville, mainiacjoe_overflow_cross_hatched,
          trog_three_pillars_becter, serial_rivers,
          chequers_serial_rivers_micro_a, chequers_serial_rivers_micro_e,
          chequers_serial_rivers_room_b, chequers_serial_rivers_room_b,
          chequers_serial_rivers_large_a, chequers_serial_rivers_room_b,
          hellmonk_ghost_happy_afterlife, st_stairs_4, uniq_snorg,
          uniq_josephine
Temple:   hellmonk_temple_of_storms
Lair:1:   beast_lair_carwin_large_4, layout_long_grid, minivault_26
Lair:2:   layout_regular_city, guppyfry_snake_entry_garden, serial_rivers,
          chequers_serial_rivers_micro_d, chequers_serial_rivers_micro_e,
          chequers_serial_rivers_marsh, chequers_serial_rivers_small_a,
          portal_ice_cave_rime
Lair:3:   beargit_carnivore_pack, layout_long_grid, nicolae_shoals_entry_roost
Lair:4:   layout_regular_city, gammafunk_ghost_abyssal_escape
Lair:5:   gammafunk_lair_ancient_temple, layout_regular_city, slime_entry_1,
          nicolae_lair_grove_arrangements, infiniplex_staircase_pool_2

Skill      XL: |  1  2  3  4  5  6  7  8  9 10 11 12 13 14 |
---------------+-------------------------------------------+-----
Summonings     | 5 6 7 8 9 10 11 12 13 | 13.7
Armour         | 1 2 3 4 5 6 7 |  7.0
Fighting       | 1 2 3 5 6 |  6.0
Air Magic      | 1 2 3 4 5 7 9 11 12 | 12.5
Dodging        | 3 4 5 6 7 |  7.0
Spellcasting   | 3 4 5 6 7 8 9 10 | 10.3
Shields        | 1 3 4 5 6 7 |  7.0
Short Blades   | 1 2 4 5 6 |  6.0
Hexes          | 1 2 3 |  3.0
Invocations    | 2 3 |  3.0
Ranged Weapons | 1 |  1.0
Poison Magic   | 2 4 5 |  5.0
Conjurations   | 3 5 7 9 |  9.5
Evocations     | 2 3 |  3.0
Earth Magic    | 2 3 |  3.0
Stealth        | |  2.0

Action                     |  1- 3 |  4- 6 |  7- 9 | 10-12 | 13-15 || total
---------------------------+-------+-------+-------+-------+-------++-------
  Melee: Long sword        |    13 |       |       |       |       ||    13
         Kick              |     8 |    25 |    20 |    54 |    76 ||   183
         Unarmed           |     1 |       |       |       |       ||     1
         Quarterstaff      |    15 |    21 |       |       |       ||    36
         Peck              |     3 |    17 |     8 |    29 |    51 ||   108
         Dagger            |       |    66 |    63 |     5 |       ||   134
         Punch             |       |     1 |       |       |       ||     1
         Rapier            |       |       |       |   146 |   204 ||   350
  Throw: Boomerang         |     1 |     1 |    31 |       |       ||    33
   Cast: Summon Small Mamm |    23 |    64 |    78 |    85 |     9 ||   259
         Call Imp          |       |    20 |    44 |    70 |    63 ||   197
         Call Canine Famil |       |     8 |    52 |    82 |    71 ||   213
         Summon Guardian G |       |       |    17 |    52 |    42 ||   111
         Poisonous Vapours |       |       |       |    38 |    28 ||    66
         Summon Lightning  |       |       |       |    27 |    42 ||    69
         Stone Arrow       |       |       |       |    13 |    27 ||    40
         Summon Cactus Gia |       |       |       |       |    14 ||    14
  Evoke: Wand              |       |       |       |     1 |       ||     1
    Use: Potion            |       |     1 |     2 |     1 |     4 ||     8
         Scroll            |       |     8 |     5 |     8 |     3 ||    24
   Stab: Sleeping          |     2 |     4 |     1 |     3 |       ||    10
         Distracted        |     1 |     1 |     2 |     8 |     8 ||    20
 Armour: Robe              |    15 |    67 |    49 |    67 |   175 ||   373
         Leather armour    |       |       |       |    19 |       ||    19
  Dodge: Dodged            |    20 |   110 |    90 |   177 |   280 ||   677
  Block: Buckler           |       |       |    21 |    45 |    77 ||   143

Table legend: (Time is in decaauts)
 A = Elapsed time spent in this place.
 B = Non-inter-level travel time spent in this place.
 C = Inter-level travel time spent in this place.
 D = Time resting spent in this place.
 E = Time spent auto-exploring this place.
 F = Levels seen in this place.
 G = Mean time per level.
                   A        B        C        D        E       F      G
               +--------+--------+--------+--------+--------+-----+--------+
         Total |  19903 |  18770 |   1133 |   3911 |   8849 |  18 | 1105.7 |
       Dungeon |  11062 |  10281 |    781 |   1287 |   5604 |  10 | 1106.2 |
        Temple |     51 |     39 |     12 |      0 |      0 |   1 |   51.0 |
          Lair |   7001 |   6661 |    340 |   1796 |   3060 |   5 | 1400.2 |
        Bailey |    499 |    499 |      0 |     15 |    122 |   1 |  499.0 |
      Ice Cave |   1288 |   1288 |      0 |    813 |     63 |   1 | 1288.0 |
               +--------+--------+--------+--------+--------+-----+--------+

Top non-repeatable levels by time:
  Lair:4: 2245 daAuts
  Lair:1: 1636 daAuts
     D:4: 1624 daAuts
     D:8: 1381 daAuts
   IceCv: 1288 daAuts
  Lair:3: 1276 daAuts
  Lair:2: 1262 daAuts
     D:7: 1258 daAuts
    D:10: 1248 daAuts
     D:3: 1217 daAuts
     D:9: 1094 daAuts
     D:5: 919 daAuts
     D:6: 890 daAuts
     D:1: 762 daAuts
     D:2: 667 daAuts
